 Dungeon Crawl Stone Soup version 0.27-a0-1438-g9b7c6745da (webtiles) character file.

Game seed: 15235408068610106915

141368 2tc the Brawler (level 16, 0/141 HPs)
             Began as a Troll Hunter on July 4, 2021.
             Was the Champion of Cheibriados.
             Killed from afar by a nagaraja (17 damage)
             ... with a poison arrow
             ... on level 2 of the Snake Pit.
             The game lasted 01:53:18 (25932 turns).

2tc the Brawler (Troll Hunter)                     Turns: 25932, Time: 01:53:18

Health: 0/141      AC:  9    Str: 45    XL:     16   Next: 78%
Magic:  16/21      EV: 13    Int: 28    God:    Cheibriados [******]
Gold:   2516       SH:  0    Dex: 26    Spells: 7/23 levels left

rFire    + + +     SeeInvis .     - Unarmed
rCold    + + .     Faith    .   (no shield)
rNeg     . . .     Spirit   .   n - +2 robe {rC+ rF+}
rPois    +         Reflect  .   O - +2 hat {Will+}
rElec    +         Harm     .   w - +0 cloak
rCorr    +         Rampage  .   (gloves unavailable)
Will     ++...                  (boots unavailable)
Stlth    ++........             P - amulet of the acrobat
HPRegen  1.33/turn              g - ring of protection from fire
MPRegen  0.17/turn              k - +6 ring of strength

@: lethally poisoned (0 -> -2), resistant, constricted, studying 2 skills, very
slow
A: large, unfitting armour, claws 3, regeneration 1, shaggy fur 1, tough skin 1,
clever 1
a: Renounce Religion, Bend Time, Temporal Distortion, Slouch, Step From Time


You were on level 2 of the Snake Pit.
You worshipped Cheibriados.
Cheibriados was exalted by your worship.
You visited 5 branches of the dungeon, and saw 25 of its levels.
You also visited: Ice Cave and Volcano.

You collected 3650 gold pieces.
You spent 1134 gold pieces at shops.

Inventory:

Missiles
 c - 22 large rocks
 d - 2 throwing nets
 p - 17 atropa-tipped darts
 F - 4 curare-tipped darts
 I - 144 stones (quivered)
 J - 46 poisoned darts
 L - 7 boomerangs of dispersal
 N - 4 javelins
Armour
 n - a +2 robe of resistance (worn)
 w - a +0 cloak (worn)
 O - a +2 hat of willpower (worn)
 S - a +0 tower shield
Magical Staves
 i - a staff of earth
Jewellery
 g - a ring of protection from fire (left claw)
 k - a +6 ring of strength (right claw)
 o - a ring of protection from cold
 q - a ring of resist corrosion
 z - a ring of magical power
 A - a ring of magical power
 E - a +4 ring of protection
 K - a ring of wizardry
 P - an amulet of the acrobat (around neck)
Wands
 f - a wand of polymorph (22)
 l - a wand of iceblast (48)
 m - a wand of mindburst (25)
 s - a wand of flame (57)
 u - a wand of paralysis (18)
 v - a wand of acid (11)
 R - a wand of charming (9)
Scrolls
 a - 12 scrolls of identify
 j - 2 scrolls of enchant weapon
 y - 3 scrolls of teleportation
 C - a scroll of amnesia
 G - a scroll of fear
 Q - a scroll of summoning
Potions
 b - 3 potions of flight
 e - 7 potions of curing
 h - 2 potions of invisibility
 r - 2 potions of mutation
 t - 10 potions of ambrosia
 x - 2 potions of heal wounds
 B - 2 potions of resistance
 D - 3 potions of brilliance
 H - 2 potions of might
 M - 2 potions of lignification


   Skills:
 - Level 5.0 Fighting
 - Level 10.0 Throwing
 - Level 8.0 Dodging
 - Level 0.3 Stealth
 - Level 16.4 Unarmed Combat
 - Level 4.0 Spellcasting
 + Level 10.7 Transmutations
 - Level 5.2 Ice Magic
 - Level 10.0 Earth Magic
 - Level 8.0 Invocations


You had 7 spell levels left.
You knew the following spells:

 Your Spells              Type           Power      Damage    Failure   Level
a - Frozen Ramparts       Ice            68%        1d8       2%          3
b - Ice Form              Ice/Tmut       50%        N/A       2%          4
c - Statue Form           Tmut/Erth      39%        N/A       16%         6
d - Ozocubu's Armour      Ice            34%        N/A       2%          3

Your spell library contained the following spells:

 Spells                   Type           Power      Damage    Failure   Level
 Beastly Appendage        Tmut           100%       N/A       1%          1
 Freeze                   Ice            100%       1d11      1%          1
 Sandblast                Erth           100%       2d20      1%          1
 Passwall                 Tmut/Erth      49%        N/A       1%          2
 Stone Arrow              Conj/Erth      66%        3d11      2%          3
 Ensorcelled Hibernation  Hex/Ice        40%        N/A       3%          2
 Lee's Rapid Deconstruct  Erth           28%        3d16*     3%          5
 Ignite Poison            Fire/Tmut/Pois 25%        N/A       4%          3
 Corona                   Hex            5%         N/A       8%          1
 Animate Armour           Summ/Erth      66%        N/A       10%         4
 Leda's Liquefaction      Hex/Erth       16%        N/A       10%         4
 Blink                    Tloc           N/A        N/A       11%         2
 Static Discharge         Conj/Air       5%         N/A       11%         2
 Call Canine Familiar     Summ           5%         N/A       22%         3
 Dazzling Flash           Conj/Hex       10%        N/A       22%         3
 Lesser Beckoning         Tloc           2%         N/A       22%         3
 Portal Projectile        Hex/Tloc       10%        N/A       22%         3
 Tukima's Dance           Hex            5%         N/A       22%         3
 Hailstorm                Conj/Ice       20%        3d6       26%         4
 Summon Ice Beast         Ice/Summ       20%        N/A       26%         4
 Cause Fear               Hex            2%         N/A       58%         4
 Dispel Undead            Necr           5%         3d7       58%         4
 Fulminant Prism          Conj/Hex       2%         3d6       58%         4
 Iskenderun's Mystic Bla  Conj/Tloc      5%         2d3       58%         4
 Sticky Flame             Conj/Fire      5%         2d3       58%         4
 Dragon Form              Tmut           30%        N/A       58%         7
 Manifold Assault         Tloc           5%         N/A       90%         5
 Simulacrum               Ice/Necr       10%        N/A       98%         6
 Starburst                Conj/Fire      2%         8x6d3     100%        6
 Ozocubu's Refrigeration  Ice            17%        4d8       100%        7
 Lehudib's Crystal Spear  Conj/Erth      16%        10d5      100%        8
 Dragon's Call            Summ           2%         N/A       100%        9


Dungeon Overview and Level Annotations

Branches:
Dungeon (14/15)            Temple (1/1) D:6            Lair (6/6) D:10
 Shoals (0/4) Lair:4        Snake (2/4) Lair:4        Slime (0/5) Lair:6
    Orc (2/2) D:10            Elf (0/3) Orc:2        Vaults (0/5) D:14
  IceCv (visited)         Volcano (visited)

Altars:
Ashenzari
Cheibriados
Elyvilon
Hepliaklqana
Makhleb
Nemelex Xobeh
Okawaru
Trog
Uskayaw
Yredelemnul
Zin
Beogh
Jiyva

Shops:
D:5 :*   D:6 *   D:7 =   D:13 :*?   Orc:2 !=*(

Portals:
Pandemonium: Orc:2

Annotations:
D:3 2 transporters
Lair:1 exclusion: 2 oklob plants
Lair:3 exclusion: oklob plant


Innate Abilities, Weirdness & Mutations

You are too large for most types of armour.
You have claws for hands.
Your natural rate of healing is unusually fast.
You are covered in fur. (AC +1)
You have tough skin. (AC +1)
Your mind is acute. (Int +2)


Message History

The nagaraja seems to speed up.
You feel sick.
The salamander hits you from afar with a +3 halberd.
You are engulfed in flames.
You resist. The salamander completely misses you.
You see here a +0 long sword.
You feel sick. The nagaraja spits poison at you.
The splash of poison misses you.
The naga mage casts a spell.
The naga mage seems to speed up.
The nagaraja hits you with a +0 spear! The nagaraja grabs you.
The nagaraja constricts you.
The salamander hits you with a +3 halberd!
You are engulfed in flames.
You resist.
The naga mage hits you with a +0 halberd.
The nagaraja hits you but does no damage.
The nagaraja constricts you.
The salamander hits you with a +3 halberd!
You are engulfed in flames.
You resist.
You closely miss the nagaraja.
The naga mage hits you with a +0 halberd.
The nagaraja hits you with a +0 spear!! The nagaraja constricts you.
Your magical contamination has completely faded away.
Unknown command.
You feel protected.
You feel sick.
The naga mage hits you with a +0 halberd!
* * * LOW HITPOINT WARNING * * *
The nagaraja hits you with a +0 spear.
* * * LOW HITPOINT WARNING * * *
x2 The nagaraja constricts you.
The salamander hits you with a +3 halberd!
* * * LOW HITPOINT WARNING * * *
You are engulfed in flames.
You resist.
* * * LOW HITPOINT WARNING * * *
The naga mage hits you but does no damage.
The nagaraja gestures at you while chanting.
The poison arrow hits you!
You are more poisoned.
You partially resist.
You die...

.............##..N....N
.............##.........
.....##########.........
.....##########.........
.............##.........
.............##.......#
.............##.......#
.....##########..N....#
###### #N@N....#
######...[...##)......#
....##.......##.......#
))..##.......##.......#
)...##.......##.......#
)...##.......##.......#
....##.......##.......#
....##.......##.......#
######.......##.......#


You could see a nagaraja (fast, catching breath), a salamander and a naga mage
(fast).

Vanquished Creatures
  An iron dragon (D:13)
  An orc warlord (Orc:2)
  The ghost of Ophy Cobb the Thaumaturge, a journeyman VSCj of Gozag (D:13)
  A dire elephant (Lair:6)
  Snorg (Orc:1)
  Fannar (D:11)
  Erolcha (Orc:1)
  5 hydras
  6 boulder beetles
  4 catoblepae
  3 naga warriors
  5 anacondas
  12 two-headed ogres
  6 centaur warriors
  A death knight (D:13)
  A tengu warrior (D:13)
  10 death yaks
  5 orc high priests (Orc:2)
  3 shock serpents
  Urug (Lair:6)
  A naga sharpshooter (Snake:1)
  2 hell knights
  Nergalle (D:11)
  Sonja (D:13)
  A sun demon (Volcano)
  3 skeletal warriors (D:13)
  2 torturous demonspawn (Orc:2)
  A salamander mystic (Snake:2)
  2 infernal demonspawn (Orc:2)
  2 wizards
  4 orc knights (Orc:2)
  A lindwurm (Lair:6)
  2 necromancers
  A lindwurm (shapeshifter) (D:13)
  4 naga ritualists
  A phantasmal warrior (D:13)
  A wolf spider zombie (D:12)
  3 mana vipers
  8 orc sorcerers
  18 ugly things
  4 cyclopes
  6 manticores
  15 elephants
  2 guardian serpents (Snake:1)
  2 salamanders
  17 black mambas
  12 cane toads
  A rust devil (Orc:2)
  3 ice statues (IceCv)
  9 naga magi
  A torpor snail (Lair:5)
  Maurice (D:10)
  2 orange demons (Orc:2)
  An unseen horror (D:7)
  9 komodo dragons
  Psyche (D:9)
  A komodo dragon (shapeshifter) (D:13)
  Maggie (D:8)
  6 rime drakes
  A tengu conjurer (D:13)
  3 red devils
  A queen bee (Lair:3)
  9 trolls
  A meliai (D:13)
  Grinder (D:3)
  A merfolk (Lair:4)
  3 polar bears
  Prince Ribbit (D:9)
  13 slime creatures
  15 blink frogs
  8 dream sheep
  A centaur simulacrum (D:13)
  A shadow (D:13)
  5 wraiths
  3 vampires
  7 wyverns
  34 yaks
  7 basilisks
  A hog (shapeshifter) (D:13)
  A steam dragon (D:9)
  Edmund (D:6)
  An acid dragon (shapeshifter) (D:13)
  Menkaure (D:6)
  A chaos spawn (Orc:2)
  23 nagas
  6 wargs
  17 water moccasins
  5 acid dragons
  2 hell hounds (Volcano)
  Duvessa (D:6)
  8 ice beasts
  A sky beast (D:5)
  A hornet zombie (D:7)
  3 black bears
  33 orc warriors
  7 ogres
  14 wolves
  5 necrophages
  11 centaurs
  A phantom (D:7)
  A kobold brigand (D:8)
  13 bullfrogs
  2 gnoll sergeants
  A scorpion (D:5)
  2 wyvern skeletons (D:6)
  2 water moccasin skeletons
  Dowan (D:6)
  20 wights
  24 killer bees (Lair:3)
  3 howler monkeys
  2 electric eels
  A bullfrog zombie (D:7)
  A hound (D:5)
  4 jellies (D:13)
  6 centaur zombies
  33 orc priests
  A centaur skeleton (D:7)
  A gnoll shaman (D:6)
  An iguana (D:5)
  19 orc wizards
  A yak simulacrum (D:9)
  4 polar bear simulacra (D:9)
  4 wolf simulacra (D:9)
  A hound zombie (D:5)
  11 gnolls
  5 adders
  2 shadow imps
  13 white imps
  An ufetubus (D:5)
  2 adder skeletons (D:4)
  2 worms
  70 orcs
  8 ball pythons
  7 bats
  9 endoplasms
  4 giant cockroaches
  7 goblins
  6 hobgoblins
  13 jackals
  5 quokkas
  15 kobolds
  2 rats (D:2)
  2 river rat simulacra (D:9)
813 creatures vanquished.

Vanquished Creatures (others)
  A quokka (D:12)
  33 fungi
  51 plants
85 creatures vanquished.

Grand Total: 898 creatures vanquished

Notes
Turn   | Place    | Note
-------+----------+-------------------------------------------
     0 | D:1      | 2tc the Troll Hunter began the quest for the Orb.
     0 | D:1      | Reached XP level 1. HP: 19/19 MP: 0/0
    48 | D:1      | Reached skill level 1 in Unarmed Combat
    90 | D:1      | Reached XP level 2. HP: 27/27 MP: 1/1
   199 | D:1      | Reached skill level 2 in Unarmed Combat
   388 | D:1      | Reached XP level 3. HP: 32/33 MP: 2/2
   577 | D:1      | Reached skill level 3 in Unarmed Combat
   861 | D:2      | Found a snail-covered altar of Cheibriados.
   893 | D:2      | Became a worshipper of Cheibriados the Contemplative
  1003 | D:2      | Found a faded altar of an unknown god.
  1376 | D:2      | Reached XP level 4. HP: 38/41 MP: 3/3
  1637 | D:3      | Noticed Grinder
  1638 | D:3      | Paralysed by Grinder for 3 turns
  1710 | D:3      | Reached * piety under Cheibriados
  1785 | D:3      | Found a transporter.
  1789 | D:3      | Paralysed by Grinder for 7 turns
  1806 | D:3      | Killed Grinder
  1807 | D:3      | Reached skill level 6 in Unarmed Combat
  1807 | D:3      | Reached XP level 5. HP: 40/48 MP: 4/4
  1807 | D:3      | Reached XP level 6. HP: 46/55 MP: 5/5
  1927 | D:3      | Found a transporter.
  2538 | D:4      | Reached skill level 7 in Unarmed Combat
  2538 | D:4      | Reached XP level 7. HP: 58/62 MP: 6/6
  2668 | D:4      | Reached ** piety under Cheibriados
  3047 | D:5      | Entered Level 5 of the Dungeon
  3048 | D:5      | Found a hazy altar of Hepliaklqana.
  3089 | D:5      | Reached skill level 8 in Unarmed Combat
  3253 | D:5      | Reached skill level 9 in Unarmed Combat
  3253 | D:5      | Reached XP level 8. HP: 61/70 MP: 7/7
  3341 | D:5      | Reached skill level 10 in Unarmed Combat
  3451 | D:5      | Found Ozigis's CLEARANCE SALE! EVERYTHING MUST GO!.
  3607 | D:5      | Reached *** piety under Cheibriados
  3614 | D:5      | Found Silizxon's Book Emporium.
  3941 | D:6      | Found Tyis's General Store.
  3975 | D:6      | Noticed Menkaure
  3985 | D:6      | Killed Menkaure
  3986 | D:6      | Reached skill level 11 in Unarmed Combat
  4077 | D:6      | Noticed Duvessa
  4078 | D:6      | Noticed Dowan
  4085 | D:6      | Killed Dowan
  4097 | D:6      | Killed Duvessa
  4098 | D:6      | Reached skill level 1 in Invocations
  4098 | D:6      | Reached XP level 9. HP: 48/76 MP: 7/9
  4409 | D:6      | Noticed Edmund
  4415 | D:6      | Killed Edmund
  4461 | D:6      | Found a staircase to the Ecumenical Temple.
  4471 | Temple   | Entered the Ecumenical Temple
  5097 | D:7      | Reached **** piety under Cheibriados
  5125 | D:7      | Noticed a cyclops
  5134 | D:7      | Killed a cyclops
  5135 | D:7      | Reached skill level 12 in Unarmed Combat
  5191 | D:7      | Found Juchuas's Jewellery Shoppe.
  5229 | D:7      | Killed an unseen horror
  5230 | D:7      | Reached XP level 10. HP: 14/85 MP: 6/12
  5965 | D:8      | Reached skill level 13 in Unarmed Combat
  6034 | D:8      | Found a sparkling altar of Nemelex Xobeh.
  6141 | D:8      | Noticed Maggie
  6154 | D:8      | Killed Maggie
  6155 | D:8      | Reached skill level 5 in Invocations
  6171 | D:8      | Found a basalt altar of Yredelemnul.
  6172 | D:8      | Found a glowing silver altar of Zin.
  6173 | D:8      | Found an iron altar of Okawaru.
  6173 | D:8      | Found a broken altar of Ashenzari.
  6594 | D:9      | Noticed Psyche
  6603 | D:9      | Killed Psyche
  6883 | D:9      | Noticed a necromancer
  6890 | D:9      | Killed a necromancer
  6894 | D:9      | Reached ***** piety under Cheibriados
  7039 | D:9      | Learned a level 3 spell: Frozen Ramparts
  7220 | D:9      | Noticed Prince Ribbit
  7240 | D:9      | Killed Prince Ribbit
  7241 | D:9      | Reached skill level 1 in Spellcasting
  7441 | D:9      | Reached skill level 1 in Ice Magic
  7501 | D:10     | Entered Level 10 of the Dungeon
  7505 | D:10     | Reached XP level 11. HP: 92/92 MP: 16/16
  7529 | D:10     | Found a staircase to the Lair.
  7608 | D:10     | Found a staircase to the Orcish Mines.
  7609 | D:10     | Noticed Maurice
  7614 | D:10     | Killed Maurice
  7714 | D:10     | Noticed a two-headed ogre
  7741 | D:10     | Killed a two-headed ogre
  7804 | D:10     | Found a hide-covered altar of Uskayaw.
  7986 | D:10     | Noticed a cyan ugly thing
  7995 | D:10     | Killed a cyan ugly thing
  8066 | D:10     | Noticed a white ugly thing
  8072 | D:10     | Killed a white ugly thing
  8107 | D:10     | Noticed a catoblepas
  8118 | D:10     | Killed a catoblepas
  8119 | D:10     | Reached skill level 5 in Ice Magic
  8526 | D:10     | Noticed a two-headed ogre
  8530 | D:10     | Killed a two-headed ogre
  8636 | D:10     | Noticed a two-headed ogre
  8651 | D:10     | Killed a two-headed ogre
  8754 | D:11     | Reached skill level 14 in Unarmed Combat
  8828 | D:11     | Noticed Fannar
  8846 | D:11     | Killed Fannar
  9017 | D:11     | Noticed a red ugly thing
  9022 | D:11     | Found a frozen archway.
  9044 | IceCv    | Entered an ice cave
  9075 | IceCv    | Noticed a white ugly thing
  9082 | IceCv    | Killed a white ugly thing
  9083 | IceCv    | Reached XP level 12. HP: 88/100 MP: 17/17
  9098 | IceCv    | Identified the +9 flail of the Iron City of Dis {vorpal,
                  | *Rage rCorr Str-3 Dex+8}
  9144 | IceCv    | Reached skill level 15 in Unarmed Combat
  9402 | D:11     | Noticed Nergalle
  9415 | D:11     | Killed Nergalle
  9884 | D:5      | Bought a book of Rime for 336 gold pieces
  9889 | D:5      | Learned a level 4 spell: Ice Form
 10029 | Lair:1   | Entered Level 1 of the Lair of Beasts
 10227 | Lair:1   | Reached skill level 1 in Transmutations
 10230 | Lair:1   | Reached ****** piety under Cheibriados
 10312 | Lair:1   | Found the +8 Wrath of Trog {antimagic, *Rage Rampage}
 10592 | Lair:1   | Reached skill level 5 in Transmutations
 10727 | Lair:1   | Identified the +0 helmet "Genur" {MP+9 Str+2}
 11010 | Lair:2   | Found a dark tunnel.
 11015 | Volcano  | Entered a volcano
 11983 | Lair:3   | Noticed a seven-headed hydra
 12029 | Lair:3   | Reached XP level 13. HP: 106/106 MP: 18/18
 12121 | Lair:3   | Identified a scroll of acquirement
 12121 | Lair:3   | Acquired 787 gold pieces
 12684 | D:5      | Bought Jus Bie's Volume of Shifting Curses for 432 gold
                  | pieces
 12691 | D:5      | Learned a level 6 spell: Statue Form
 13506 | Lair:4   | Found a staircase to the Snake Pit.
 14134 | Lair:4   | Found a staircase to the Shoals.
 14932 | Lair:5   | You fall into a shaft and drop 1 floor!
 14932 | Lair:6   | Entered Level 6 of the Lair of Beasts
 14990 | Lair:5   | Reached skill level 10 in Transmutations
 14990 | Lair:5   | Reached skill level 1 in Earth Magic
 15241 | Lair:5   | Reached skill level 5 in Earth Magic
 16058 | D:12     | Reached XP level 14. HP: 99/114 MP: 12/19
 16534 | D:12     | Found a white marble altar of Elyvilon.
 17141 | D:13     | Found a runed translucent gate.
 17387 | D:13     | Noticed Sonja
 17425 | D:13     | Found Wofoympo's Book Shoppe.
 17455 | D:13     | Killed Sonja
 17477 | D:13     | Found Qesoc's Assorted Antiques.
 17477 | D:13     | Found Icvoymivya's Magic Scroll Shop.
 17619 | D:13     | Found a runed translucent gate.
 17619 | D:13     | Found a runed translucent gate.
 17625 | D:13     | Reached skill level 10 in Earth Magic
 17650 | D:13     | Found a viscous altar of Jiyva.
 17650 | D:13     | Noticed Ophy Cobb's ghost (journeyman VSCj)
 17990 | D:13     | Reached skill level 5 in Throwing
 18384 | D:13     | Noticed an iron dragon
 18467 | D:13     | Killed an iron dragon
 18468 | D:13     | Reached XP level 15. HP: 120/120 MP: 5/20
 18932 | D:14     | Gained mutation: Your mind is acute. (Int +2) [mutagenic
                  | glow]
 19495 | D:14     | Found a gate to the Vaults.
 19930 | Lair:6   | Acquired a book of the Dragon
 20078 | Lair:6   | Reached skill level 10 in Throwing
 20121 | Lair:6   | Learned a level 3 spell: Ozocubu's Armour
 20447 | Lair:6   | Noticed Urug
 20453 | Lair:6   | Killed Urug
 20550 | Lair:6   | Reached skill level 5 in Dodging
 20584 | Lair:6   | Acquired a +2 hat of willpower
 21314 | Lair:6   | Found a staircase to the Slime Pits.
 21761 | Orc:1    | Entered Level 1 of the Orcish Mines
 21933 | Orc:1    | Noticed Erolcha
 21954 | Orc:1    | Killed Erolcha
 21959 | Orc:1    | Noticed Snorg
 21975 | Orc:1    | Killed Snorg
 22138 | Orc:2    | Entered Level 2 of the Orcish Mines
 22436 | Orc:2    | Found Vergh's Distillery.
 22451 | Orc:2    | Found Xaevi's General Store.
 22520 | Orc:2    | Bought a potion of lignification for 36 gold pieces
 22697 | Orc:2    | Reached XP level 16. HP: 113/128 MP: 12/21
 22771 | Orc:2    | Paralysed by an orc sorcerer for 6 turns
 22777 | Orc:2    | Reached skill level 16 in Unarmed Combat
 22989 | Orc:2    | Found Bimuoc's Antique Weapon Shoppe.
 22989 | Orc:2    | Found Ilei's Jewellery Emporium.
 22994 | Orc:2    | Found a one-way gate leading to the halls of Pandemonium.
 22998 | Orc:2    | Bought an amulet of the acrobat for 330 gold pieces
 23498 | Orc:2    | Found a bloodstained altar of Trog.
 23534 | Orc:2    | Found a staircase to the Elven Halls.
 23924 | Snake:1  | Entered Level 1 of the Snake Pit
 23949 | Snake:1  | Identified the +10 morningstar "Teuseim" {vorpal, rElec
                  | Int+3}
 25263 | D:13     | Killed Ophy Cobb's ghost
 25264 | D:13     | Reached skill level 5 in Fighting
 25932 | Snake:2  | Killed from afar by a nagaraja

Illustrated notes

Levels and vault maps discovered:
D:1:      roderic_octagonal_star, layout_basic, serial_bayou_pond_b
D:2:      minmay_angry_zag, layout_basic, basic_altar, basic_ecumenical_altar,
          kennysheep_another_room, serial_bayou_lagoon_b
D:3:      gammafunk_wand_slinger, layout_loops_cross, uniq_grinder
D:4:      layout_loops_ring
D:5:      layout_basic, kennysheep_mini, serial_shops, nicolae_stop_n_shop_2,
          nicolae_shop_clearance
D:6:      layout_gridville, minmay_temple_entry_purple_smoke, serial_shops,
          shop, serial_rivers, chequers_serial_rivers_small_a,
          chequers_serial_rivers_marsh, chequers_serial_rivers_micro_c,
          chequers_serial_rivers_room_b, chequers_serial_rivers_small_3,
          chequers_serial_rivers_small_a, grunt_ministairs_8, uniq_duvessa,
          uniq_edmund, uniq_menkaure
D:7:      layout_basic, serial_shops, nicolae_square_shop, minmay_manual_mess
D:8:      layout_basic, grunt_temple_overflow_open, nemelex_spade_bored_becter,
          uniq_maggie
D:9:      layout_stronghold, eino_house_with_fridge, uniq_prince_ribbit1,
          uniq_psyche
D:10:     minmay_wavy_crystal, layout_irregular_city,
          nicolae_uskayaw_murder_on_the_dancefloor, erik_lair_orcish_takeover,
          orc_0_dummy, serial_co_window_serial, co_window_corner_a,
          co_window_paths_a, co_window_cross_1, co_window_paths_b,
          co_window_corner_a, co_window_unsneaky_path_c, co_window_2corner,
          co_window_broadway_a, co_window_cross_4, glass_columns_a,
          glass_columns_c, glass_columns_c, glass_columns_c, glass_columns_a,
          kennysheep_windowed_goal, uniq_maurice
D:11:     layout_basic, portal_ice_cave_entry_imps, uniq_nergalle, uniq_fannar
D:12:     layout_roguey, serial_undead, serial_undead_e, serial_undead_a,
          serial_undead_a, serial_undead_d, drop_trap, elyvilon_altar_4
D:13:     evilmike_diamond_2, layout_basic, gammafunk_ghost_ooze,
          nicolae_wooded_promenade, uniq_sonja
D:14:     layout_loops_ring, david_vaults_1
Temple:   eino_wide_crystal_templ
Lair:1:   layout_roguey, chequers_serial_rivers_large_b, grunt_megastairs_1,
          minmay_lair_oklob_chamber, lemuel_fruit_fields
Lair:2:   layout_hall_layers, nicolae_volcano_entry_s_turn, grunt_megastairs_2
Lair:3:   layout_cave_pods, special_room [special_room_bee],
          minmay_lair_oklob_items
Lair:4:   layout_regular_city, elwin_shoals_entry_rooms, dummy_snake_entry
Lair:5:   layout_loops_ring, grunt_forest_stairs_basic, lemuel_fruit_tree
Lair:6:   hangedman_lair_in_review, layout_small_grid, slime_dummy, uniq_urug
Snake:1:  layout_onion
Snake:2:  layout_grid_maze, nicolae_snake_gridmaze_spiral, uniq_aizul
Orc:1:    layout_diamond_mine, basic_altar, uniq_snorg, uniq_erolcha
Orc:2:    pf_orc_diabolical, layout_caves, basic_altar

Skill      XL: |  1  2  3  4  5  6  7  8  9 10 11 12 13 14 15 16 |
---------------+-------------------------------------------------+-----
Unarmed Combat | 1 2 3 6 7 9 11 12 13 14 15 16 | 16.4
Invocations    | 1 4 8 |  8.0
Dodging        | 3 8 |  8.0
Spellcasting   | 1 2 4 |  4.0
Ice Magic      | 1 5 |  5.2
Transmutations | 7 10 | 10.7
Earth Magic    | 5 10 | 10.0
Throwing       | 8 10 | 10.0
Fighting       | 5 |  5.0
Stealth        | |  0.3

Action                   |  1- 3 |  4- 6 |  7- 9 | 10-12 | 13-15 | 16-18 || total
-------------------------+-------+-------+-------+-------+-------+-------++-------
Melee: Unarmed           |   116 |    65 |   214 |   423 |   655 |   212 ||  1685
       Short sword       |     1 |       |       |       |       |       ||     1
       Punch             |       |       |    15 |    43 |    47 |    34 ||   139
Throw: Large rock        |       |       |       |    13 |     2 |       ||    15
       Dart              |       |       |       |       |     8 |     7 ||    15
       Stone             |       |       |       |       |       |     8 ||     8
       Boomerang         |       |       |       |       |       |     1 ||     1
 Cast: Frozen Ramparts   |       |       |       |    16 |    61 |    13 ||    90
       Ice Form          |       |       |       |       |    40 |       ||    40
       Statue Form       |       |       |       |       |    29 |    15 ||    44
       Ozocubu's Armour  |       |       |       |       |     4 |       ||     4
Invok: Slouch            |       |       |     1 |     7 |     3 |     4 ||    15
 Abil: End Transformatio |       |       |       |       |     1 |       ||     1
Evoke: Wand              |       |       |       |       |     9 |     8 ||    17
  Use: Scroll            |     6 |     3 |     4 |     4 |    17 |       ||    34
       Potion            |       |     2 |       |     2 |     1 |     1 ||     6
 Stab: Sleeping          |       |       |     2 |     3 |     5 |     3 ||    13
       Distracted        |       |       |       |       |     1 |     1 ||     2
Armor: Robe              |    57 |    20 |    54 |   115 |    30 |    15 ||   291
       Skin              |       |       |       |       |   211 |    95 ||   306
Dodge: Dodged            |    63 |    18 |    90 |   203 |   358 |   297 ||  1029

Table legend: (Time is in decaauts)
 A = Elapsed time spent in this place.
 B = Non-inter-level travel time spent in this place.
 C = Inter-level travel time spent in this place.
 D = Time resting spent in this place.
 E = Time spent auto-exploring this place.
 F = Levels seen in this place.
 G = Mean time per level.
                   A        B        C        D        E       F      G
               +--------+--------+--------+--------+--------+-----+--------+
         Total |  41265 |  36653 |   4612 |    816 |  29769 |  27 | 1528.3 |
       Dungeon |  22740 |  19880 |   2860 |    417 |  16462 |  14 | 1624.3 |
        Temple |      1 |      1 |      0 |      0 |      0 |   1 |    1.0 |
          Lair |  12297 |  10970 |   1327 |    256 |   9308 |   6 | 2049.5 |
     Snake Pit |   1968 |   1919 |     49 |     14 |   1407 |   2 |  984.0 |
  Orcish Mines |   3520 |   3146 |    374 |     74 |   2205 |   2 | 1760.0 |
      Ice Cave |    281 |    281 |      0 |     35 |     57 |   1 |  281.0 |
       Volcano |    456 |    456 |      0 |     20 |    328 |   1 |  456.0 |
               +--------+--------+--------+--------+--------+-----+--------+

Top non-repeatable levels by time:
    D:13: 3896 daAuts
  Lair:6: 2738 daAuts
   Orc:2: 2723 daAuts
    D:10: 2604 daAuts
  Lair:4: 2153 daAuts
  Lair:3: 2143 daAuts
     D:7: 2089 daAuts
  Lair:1: 1913 daAuts
     D:9: 1829 daAuts
  Lair:5: 1823 daAuts
    D:11: 1791 daAuts
    D:12: 1541 daAuts
    D:14: 1527 daAuts
  Lair:2: 1526 daAuts
 Snake:1: 1460 daAuts
